Map: Dämmertürme

Players

Creeze

  • Race: Zerg Zerg
  • League: Gold

Ohh - Winner!

  • Race: Protoss Protoss
  • League: Silver

VOD

Have the link to the VOD?

Description

Time

  • Played on: March 14, 2016, 2:42 p.m.
  • Length: 11:09
Show
View Real Time Build Order
Export as new Build Order

Creeze Zerg 

Build Orders: 3 Hatch before Pool 

Get SALT Encoding   

  12  0:01  Drone  
  13  0:12  Overlord  
  13  0:17  Drone  
  14  0:25  Extractor  
  14  0:26  Drone  
  15  0:30  Drone  
  15  0:35  Drone  
  17  0:55  Hatchery  
  16  0:58  Drone  
  16  1:01  Drone  
  18  1:23  Hatchery  
  17  1:35  Spawning Pool  
  17  1:38  Extractor  
  17  1:39  Drone  
  16  1:43  Drone  
  17  1:47  Drone  
  17  1:51  Drone  
  19  2:02  Drone  
  20  2:08  Drone  
  20  2:13  Drone  
  22  2:19  Drone  
  23  2:23  Drone  
  23  2:26  Queen  
  23  2:28  Queen  
  28  2:37  Queen  
  28  2:42  Overlord  
  29  2:58  Overlord  
  29  3:04  Roach Warren  
  29  3:05  Drone x2, Extractor  
  29  3:14  Drone x3  
  29  3:17  Drone  
  33  3:20  Drone  
  34  3:43  Drone x6  
  34  3:44  Drone  
  34  3:45  Roach  
  34  3:46  Roach  
  45  3:50  Roach  
  45  3:53  Roach  
  49  4:00  Overlord  
  49  4:12  Spore Crawler  
  49  4:14  Drone x2  
  50  4:17  Lair  
  50  4:24  Evolution Chamber  
  49  4:25  Evolution Chamber, Zergling x6  
  49  4:29  Drone x3  
  54  4:34  Ravager x2  
  54  4:35  Ravager  
  54  4:37  Drone  
  58  4:43  Extractor  
  57  4:54  Zerg Melee Weapons Level 1  
  57  5:01  Drone  
  57  5:03  Extractor, Overlord x2  
  57  5:04  Overlord  
  57  5:05  Zerg Ground Armor Level 1  
  57  5:16  Overlord x2  
  57  5:21  Queen  
  57  5:25  Overseer  
  59  5:38  Infestation Pit  
  59  5:39  Glial Reconstitution  
  59  5:41  Zergling x14  
  59  5:42  Zergling x4  
  67  5:51  Metabolic Boost  
  67  5:57  Drone  
  67  5:58  Drone x3  
  67  5:59  Overlord  
  67  6:03  Drone x2  
  73  6:09  Drone x3  
  73  6:10  Extractor  
  75  6:15  Zergling x6  
  78  6:20  Spore Crawler  
  78  6:23  Spore Crawler  
  76  6:27  Drone, Spore Crawler  
  76  6:36  Hive  
  76  6:48  Zergling x4  
  76  6:49  Zergling x12  
  84  7:00  Zerg Ground Armor Level 2  
  84  7:06  Zergling x2  
  84  7:07  Zergling x8  
  73  7:23  Zergling x20  
  81  7:31  Drone x3  
  81  7:32  Drone  
  77  7:37  Zergling x4  
  77  7:38  Zergling x4  
  76  7:46  Zerg Melee Weapons Level 2  
  76  7:50  Ultralisk Cavern  
  68  7:59  Drone x3  
  68  8:02  Zergling x2  
  68  8:03  Zergling x10  
  77  8:06  Drone  
  77  8:24  Zergling x14  
  77  8:25  Zergling x8  
  88  8:34  Hatchery  
  87  8:55  Zergling x10  
  77  8:56  Zergling x16  
  85  9:05  Ultralisk  
  91  9:14  Chitinous Plating  
  81  9:21  Zergling x10  
  87  9:29  Spore Crawler  
  81  9:32  Overseer  
  81  9:37  Spore Crawler  
  59  9:48  Zergling x24  
  58  9:57  Roach x2  
  58  9:58  Roach x2  
  63  10:14  Roach x3  
  58  10:23  Roach x2  
  58  10:27  Ultralisk  
  36  10:39  Zergling x8  
Show
View Real Time Build Order
Export as new Build Order

Ohh Protoss - Winner!

Build Orders: 1 Gate Expand 

Get SALT Encoding   

  12  0:01  Probe (Chrono Boost)  
  13  0:15  Pylon  
  13  0:17  Probe (Chrono Boost)  
  14  0:28  Probe (Chrono Boost)  
  15  0:35  Gateway  
  15  0:39  Probe (Chrono Boost)  
  16  1:06  Nexus  
  16  1:09  Probe (Chrono Boost)  
  17  1:17  Assimilator  
  17  1:20  Probe (Chrono Boost)  
  18  1:29  Pylon  
  18  1:31  Zealot (Chrono Boost)  
  20  1:38  Assimilator  
  20  1:41  Probe (Chrono Boost)  
  21  1:51  Probe  
  21  1:53  Cybernetics Core  
  22  2:03  Probe  
  22  2:04  Zealot (Chrono Boost)  
  25  2:15  Probe  
  25  2:21  Probe  
  27  2:28  Probe  
  28  2:31  Probe  
  28  2:36  Warp Gate (Chrono Boost)  
  29  2:40  Mothership Core  
  29  2:42  Probe  
  32  2:47  Gateway  
  32  3:14  Gateway  
  32  3:20  Gateway  
  32  3:23  Probe  
  32  3:24  Probe  
  34  3:34  Probe  
  34  3:37  Probe  
  35  3:49  Stargate  
  35  3:52  Gateway  
  35  3:55  Pylon  
  35  4:05  Assimilator, Pylon  
  35  4:09  Assimilator  
  35  4:16  Probe  
  35  4:18  Probe  
  37  4:32  Nexus  
  37  4:33  Oracle (Chrono Boost)  
  40  4:47  Forge  
  40  4:57  Twilight Council  
  40  5:08  Assimilator  
  40  5:20  Oracle (Chrono Boost)  
  43  5:25  Stalker x2  
  43  5:26  Stalker x2  
  43  5:27  Stalker  
  53  5:39  Probe  
  53  5:41  Probe  
  55  5:50  Probe  
  55  5:53  Probe  
  57  6:05  Stalker x3  
  57  6:06  Stalker x2  
  67  6:13  Dark Shrine, Probe  
  67  6:14  Probe  
  69  6:23  Probe  
  70  6:26  Probe  
  65  7:23  Stalker x4  
  65  7:24  Stalker  
  65  7:50  Dark Templar x2  
  65  7:51  Dark Templar x3  
  69  8:26  Pylon  
  69  8:27  Pylon  
  69  8:54  Dark Templar  
  69  8:55  Dark Templar x4  
  69  9:50  Dark Templar x5  
  75  10:40  Stalker x2  
  75  10:41  Stalker x3  
Tags
 
Add a new tag
Caveats
  • Supply blocks, unpowered buildings, or Contaminate may cause inaccurate times.
  • Supply counts are checked every 10 seconds.